 Dungeon Crawl Stone Soup version 0.26-a0-1213-gd52f5182fe (webtiles) character file.

Game seed: 6056634368165101843

372596 Kaver the Earth Mage (level 22, -1/134 (137) HPs)
             Began as a Gargoyle Earth Elementalist on Dec 30, 2020.
             Was the Champion of Vehumet.
             Shot with an arrow by something (22 damage)
             ... on level 3 of the Elven Halls.
             The game lasted 02:20:17 (59667 turns).

Kaver the Earth Mage (Gargoyle Earth Elementalist) Turns: 59667, Time: 02:20:17

HP:   -1/134 (137)  AC: 31    Str: 12 (13) XL:     22   Next: 70%
MP:   23/39         EV: 20    Int: 50      God:    Vehumet [******]
Gold: 5794          SH:  0    Dex: 14 (15) Spells: 11/47 levels left

rFire    + . .     SeeInvis .   b - +8 autumn katana {vorpal, Clar}
rCold    . . .     Faith    .   (no shield)
rNeg     + . .     Spirit   .   G - +0 robe of Etuladaf {rElec Int+7}
rPois    ∞         Reflect  .   M - +1 helmet "Laelun" {Regen+ Int+4 Dex+5}
rElec    +         Harm     .   q - +2 cloak
rCorr    .         Rampage  .   i - +2 pair of gloves
Will     +....     Clarity  +   t - +0 pair of boots of Hupomuer {rElec rF+ Int+10 Slay-4}
Stlth    ++........             g - amulet of the acrobat
HPRegen  0.72/turn              Y - +4 ring of slaying
MPRegen  0.26/turn              j - +6 ring of intelligence

@: flying, very slightly contaminated, lightly drained
A: big wings, molten scales 1, clarity, deterioration 2, negative energy
resistance 1, electricity resistance, weak 1, unbreathing, petrification
resistance, miasma immunity, AC +16
}: 2/15 runes: decaying, gossamer
a: Stop Flying, Renounce Religion


You were on level 3 of the Elven Halls.
You worshipped Vehumet.
Vehumet was exalted by your worship.
You visited 8 branches of the dungeon, and saw 38 of its levels.
You visited the Abyss 3 times.
You also visited: Bailey.

You collected 6487 gold pieces.
You spent 693 gold pieces at shops.

Inventory:

Hand Weapons
 b - the +8 autumn katana (weapon) {vorpal, Clar}
   (You took it off a deep elf death mage on level 3 of the Elven Halls)

   It inflicts extra damage upon your enemies.
   It protects you against confusion.
 h - a +3 dire flail of venom
 X - the +1 quarterstaff of Saltpetre {vorpal, *Contam rF+ rN+ Str+2}
   (You found it on level 6 of the Lair of Beasts)

   It inflicts extra damage upon your enemies.
   It affects your strength (+2).
   It protects you from fire.
   It protects you from negative energy.
   It causes magical contamination when unequipped.
Missiles
 A - 5 throwing nets (quivered)
Armour
 i - a +2 pair of gloves (worn)
 q - a +2 cloak (worn)
 t - the +0 pair of boots of Hupomuer (worn) {rElec rF+ Int+10 Slay-4}
   (You found it on level 5 of the Dungeon)

   It affects your intelligence (+10).
   It affects your accuracy and damage with ranged weapons and melee attacks
   (-4).
   It protects you from fire.
   It insulates you from electricity.
 G - the +0 robe of Etuladaf (worn) {rElec Int+7}
   (You found it on level 8 of the Dungeon)

   It affects your intelligence (+7).
   It insulates you from electricity.
 M - the +1 helmet "Laelun" (worn) {Regen+ Int+4 Dex+5}
   (You found it on level 2 of the Swamp)

   It affects your intelligence (+4).
   It affects your dexterity (+5).
   It increases your rate of regeneration.
Jewellery
 g - an amulet of the acrobat (around neck)
 j - a +6 ring of intelligence (right hand)
 p - the ring "Yskuyrri" {Int+2 SInv}
   (You found it on level 5 of the Lair of Beasts)

   [ring of see invisible]

   It affects your intelligence (+2).
   It lets you see invisible.
 K - an uncursed ring of protection from fire
 Y - a +4 ring of slaying (left hand)
 Z - an uncursed ring of resist corrosion
Wands
 e - a wand of acid (17)
 v - a wand of iceblast (21)
 y - a wand of disintegration (36)
 R - a wand of paralysis (24)
 U - a wand of digging (9)
Scrolls
 a - 10 scrolls of fear
 f - 8 scrolls of remove curse
 k - a scroll of brand weapon
 n - 5 scrolls of enchant armour
 o - 14 scrolls of teleportation
 r - 7 scrolls of blinking
 w - 11 scrolls of identify
 z - 2 scrolls of enchant weapon
 B - a scroll of summoning
 C - 2 scrolls of magic mapping
 E - 2 scrolls of immolation
 J - 9 scrolls of amnesia
 O - 5 scrolls of fog
Potions
 c - 6 potions of haste
 d - 2 potions of brilliance
 l - 10 potions of curing
 s - 3 potions of cancellation
 u - 3 potions of berserk rage
 D - 19 potions of ambrosia
 F - 3 potions of invisibility
 H - 4 potions of lignification
 I - 4 potions of might
 N - a potion of heal wounds
 S - 4 potions of magic
 T - 3 potions of resistance
 W - 4 potions of mutation
Miscellaneous
 m - a tin of tremorstones (2/2)
 x - a condenser vane
 P - a phantom mirror
 V - a phial of floods


   Skills:
 + Level 14.2 Fighting
 + Level 13.2 Maces & Flails
 - Level 6.0 Armour
 + Level 11.6 Dodging
 - Level 2.1 Stealth
 + Level 13.0 Spellcasting
 + Level 14.8 Conjurations
 - Level 0.7 Transmutations
 + Level 17.4 Fire Magic
 * Level 19.4 Earth Magic
 - Level 10.0 Evocations


You had 11 spell levels left.
You knew the following spells:

 Your Spells              Type           Power        Failure   Level
a - Shatter               Erth           61%          6%          9
b - Stone Arrow           Conj/Erth      100%         0%          3
c - Lee's Rapid Deconstr  Erth           61%          0%          5
d - Iron Shot             Conj/Erth      58%          1%          6
e - Irradiate             Conj/Tmut      42%          1%          5
g - Ignition              Fire           59%          1%          8

Your spell library contained the following spells:

 Spells                   Type           Power        Failure   Level
 Fire Storm               Conj/Fire      57%          22%         9
 Chain Lightning          Conj/Air       41%          45%         8
 Absolute Zero            Ice            16%          100%        9
 Foxfire                  Conj/Fire      100%         0%          1
 Magic Dart               Conj           100%         0%          1
 Sandblast                Erth           100%         0%          1
 Passwall                 Tmut/Erth      77%          0%          2
 Searing Ray              Conj           100%         0%          2
 Conjure Flame            Conj/Fire      100%         0%          3
 Sticky Flame             Conj/Fire      100%         0%          4
 Bolt of Magma            Conj/Fire/Erth 58%          0%          5
 Beastly Appendage        Tmut           78%          1%          1
 Corona                   Hex            35%          1%          1
 Freeze                   Ice            100%         1%          1
 Blink                    Tloc           N/A          1%          2
 Call Imp                 Summ           32%          1%          2
 Corpse Rot               Necr/Air       N/A          1%          2
 Ensorcelled Hibernation  Hex/Ice        64%          1%          2
 Poisonous Vapours        Pois/Air       64%          1%          2
 Slow                     Hex            32%          1%          2
 Wereblood                Tmut           39%          1%          2
 Confusing Touch          Hex            32%          1%          3
 Dazzling Flash           Conj/Hex       100%         1%          3
 Frozen Ramparts          Ice            64%          1%          3
 Gell's Gravitas          Tloc           16%          1%          3
 Inner Flame              Hex/Fire       88%          1%          3
 Mephitic Cloud           Conj/Pois/Air  70%          1%          3
 Ozocubu's Armour         Ice            32%          1%          3
 Spider Form              Tmut/Pois      18%          1%          3
 Static Discharge         Conj/Air       82%          1%          3
 Tukima's Dance           Hex            32%          1%          3
 Hailstorm                Conj/Ice       82%          1%          4
 Petrify                  Tmut/Erth      93%          1%          4
 Borgnjor's Vile Clutch   Necr/Erth      46%          1%          5
 Lightning Bolt           Conj/Air       41%          1%          5
 Freezing Cloud           Conj/Ice/Air   35%          3%          6
 Yara's Violent Unravell  Hex/Tmut       18%          4%          5
 Ice Form                 Ice/Tmut       36%          5%          4
 Animate Dead             Necr           16%          6%          4
 Cause Fear               Hex            16%          6%          4
 Summon Ice Beast         Ice/Summ       32%          6%          4
 Summon Lightning Spire   Summ/Air       32%          6%          4
 Blade Hands              Tmut           19%          14%         5
 Metabolic Englaciation   Hex/Ice        16%          19%         5
 Summon Forest            Summ/Tloc      16%          19%         5
 Hydra Form               Tmut           19%          58%         6
 Eringya's Noxious Bog    Tmut/Pois      18%          65%         6
 Death Channel            Necr           16%          69%         6
 Simulacrum               Ice/Necr       16%          69%         6
 Dragon Form              Tmut           19%          99%         7
 Summon Hydra             Summ           16%          99%         7
 Dragon's Call            Summ           16%          100%        9
 Tornado                  Air            16%          100%        9
 Statue Form              Tmut/Erth      Unusable     N/A         6

Dungeon Overview and Level Annotations

Branches:
Dungeon (15/15)            Temple (1/1) D:6            Lair (6/6) D:8
  Swamp (4/4) Lair:2       Spider (4/4) Lair:3        Slime (0/5) Lair:6
    Orc (2/2) D:9             Elf (3/3) Orc:2        Vaults (3/5) D:13
  Crypt (0/3) Vaults:2     Depths (0/5) D:15         Bailey (visited)

Altars:
Ashenzari
Cheibriados
Dithmenos
Elyvilon
Fedhas
Gozag
Hepliaklqana
Kikubaaqudgha
Makhleb
Nemelex Xobeh
Okawaru
Sif Muna
Trog
Uskayaw
Vehumet
Xom
Yredelemnul
Zin
The Shining One
Jiyva

Shops:
D:9 (   D:10 [   D:12 [   Orc:1 [   Orc:2 ([[=*   Elf:3 (   Vaults:2 *

Portals:
Hell: Lair:6

Annotations:
D:10 1 runed translucent door
D:11 2 transporters, Zing's ghost, journeyman GrEE
Lair:6 2 transporters, exclusion: oklob plant, CurlyBrace's ghost, novice FeDe
Elf:2 5 runed translucent doors


Innate Abilities, Weirdness & Mutations

You are resistant to torment.
Your stone body is resilient. (AC +16)
You are immune to poison.
Your large and strong wings let you fly indefinitely.
You resist negative energy. (rN+)
You are resistant to electric shocks. (rElec)
You can survive without breathing.
You are immune to petrification.
You are immune to miasma.
You are partially covered in molten scales. (AC +2)
You possess an exceptional clarity of mind.
Your body often deteriorates upon taking damage.
You are weak. (Str -2)


Message History

The arrow freezes you.
* * * LOW HITPOINT WARNING * * *
You feel much better.
You hear a loud twanging sound.
An arrow appears from out of thin air!
The arrow barely misses you.
You hear a loud twanging sound.
An arrow appears from out of thin air!
The arrow hits you!!
* * * LOW HITPOINT WARNING * * *
The arrow freezes you!
* * * LOW HITPOINT WARNING * * *
You feel much better.
You hear a loud twanging sound.
An arrow appears from out of thin air!
The arrow hits you!!
* * * LOW HITPOINT WARNING * * *
The arrow freezes you.
* * * LOW HITPOINT WARNING * * *
You feel much better.
You hear a loud twanging sound.
An arrow appears from out of thin air!
The arrow hits you!!
You die...

######### ***
####.......#### *,*
##.............###*,*
.................##,*
.....=....(....(@{#.#
.....[).[.(..((...'.#
.......[.[(.......#.#
.....)..[).......##,#
#.######)######.##*,*
###(..≈≈.≈≈...#.# *,*
).....≈≈.≈≈.....#**,*
###..[≈≈.≈≈.(.###,,,*
###.[[≈≈.≈≈)(.# *,,,*


There were no monsters in sight!

Vanquished Creatures
  Xtahua (Vaults:2)
  A bone dragon (Abyss:2)
  The ghost of Qeott the Genius of the Arcane, an adept GnCj of Sif Muna (Vaults:2)
  2 liches
  Jorgrun (D:15)
  4 tentacled monstrosities (Vaults:2)
  Rupert (Spider:1)
  A deep elf blademaster (Elf:3)
  A deep elf master archer (Elf:3)
  A tentacled starspawn (Abyss:2)
  Gastronok (Lair:2)
  A thorn hunter (Swamp:3)
  A sphinx (Vaults:2)
  Donald (Swamp:2)
  Kirke (Swamp:1)
  2 fenstrider witches
  2 deep elf sorcerers (Elf:3)
  10 vault wardens
  A fire giant (Vaults:3)
  Aizul (Vaults:1)
  3 cacodemons
  A ghost moth (Spider:4)
  3 deep elf elementalists
  4 emperor scorpions
  6 ironheart preservers
  5 stone giants
  11 very ugly things
  11 deep elf demonologists
  11 bunyips
  3 deep elf annihilators
  6 entropy weavers
  A spark wasp (Spider:4)
  A crystal guardian (Vaults:3)
  6 eleionomae
  An ettin (shapeshifter) (Elf:3)
  7 deep elf death magi
  An ettin (Orc:1)
  4 fire dragons
  4 yaktaur captains
  An ice dragon (Vaults:2)
  3 great orbs of eyes
  3 shambling mangroves
  2 deep elf high priests (Elf:3)
  4 boulder beetles
  27 hydras
  A ghost crab (Swamp:3)
  4 vault guards
  2 catoblepae
  Erolcha (D:9)
  A two-headed ogre (shapeshifter) (D:15)
  6 centaur warriors
  15 two-headed ogres
  12 dancing weapons
  A death knight (Vaults:3)
  A deep troll earth mage (Vaults:1)
  8 death scarabs (Spider:4)
  A queen ant (Spider:1)
  6 death yaks
  2 tengu warriors (D:15)
  15 alligators
  4 hell hogs (Abyss:2)
  4 ogre magi
  3 orc high priests (Orc:2)
  A shock serpent (shapeshifter) (Vaults:1)
  A thrashing horror (Abyss:2)
  Sonja (Lair:2)
  A sun demon (Lair:6)
  14 deep elf knights
  3 spriggans
  A shadow wraith (Abyss:2)
  A sixfirhy (Abyss:2)
  8 skeletal warriors (Vaults:2)
  2 fire crabs (Swamp:4)
  8 goliath frogs
  2 wretched stars (Abyss:2)
  14 swamp dragons
  5 deep trolls
  A glowing orange brain (shapeshifter) (Vaults:2)
  3 glowing orange brains
  3 spriggan druids
  5 starcursed masses (Abyss:2)
  An unseen horror (Abyss:2)
  5 bog bodies
  A phantasmal warrior (Vaults:2)
  24 orc knights
  An orange crystal statue (Swamp:2)
  2 wizards
  3 necromancers
  An anaconda skeleton (Abyss:2)
  12 deep elf archers
  15 orb spiders
  11 ironbrand convokers
  29 ugly things
  2 lindwurms
  11 harpies
  7 orc sorcerers
  2 wolf spider zombies (Spider:4)
  53 deep elf magi
  3 spectral wolf spiders (Spider:4)
  5 will-o-the-wisps
  3 cyclopes
  28 wolf spiders
  4 moths of wrath (Spider:4)
  A tengu skeleton (Vaults:2)
  3 manticores
  2 worldbinders (Abyss:2)
  5 black mambas
  A frost giant skeleton (Vaults:2)
  9 vault sentinels
  17 elephants (Lair:6)
  A smoke demon (Abyss:2)
  2 black mambas (shapeshifter)
  6 centaur zombies
  A stone giant skeleton (Vaults:2)
  4 orange demons
  A cane toad (shapeshifter) (D:15)
  A gargoyle (D:10)
  An eye of devastation (shapeshifter) (Vaults:1)
  A komodo dragon (shapeshifter) (Vaults:2)
  13 cane toads
  22 yaktaurs
  4 redback zombies (Spider:4)
  9 rime drakes
  11 demonic crawlers
  13 komodo dragons
  A hellwing (Lair:6)
  2 red devils (Lair:6)
  2 yaktaur skeletons (Vaults:2)
  2 spectral redbacks (Spider:4)
  3 ancient zymes (Abyss:2)
  6 tyrant leeches
  2 queen bees
  3 meliai (Lair:4)
  6 polar bears
  6 bloated husks
  2 spectral jumping spiders (Spider:4)
  2 hornets (shapeshifter) (D:15)
  A troll (shapeshifter) (Vaults:2)
  10 trolls
  18 jumping spiders
  21 hornets
  4 tarantella zombies (Spider:4)
  A wolf spider simulacrum (D:13)
  4 blink frogs (Lair:3)
  16 dream sheep
  3 spectral tarantellas (Spider:4)
  25 slime creatures
  A raiju (Abyss:2)
  A raiju (shapeshifter) (Vaults:1)
  A blink frog (shapeshifter) (Vaults:3)
  A fire giant simulacrum (Vaults:2)
  A tarantella (shapeshifter) (D:15)
  4 air elementals
  A shadow (Abyss:2)
  3 ynoxinuls (Abyss:2)
  25 tarantellas
  Eustachio (D:6)
  54 redbacks
  2 fire elementals
  21 humans (D:13)
  6 wyverns
  A spriggan (shapeshifter) (Vaults:1)
  2 wraiths
  2 water elementals
  A vampire (D:12)
  4 large abominations (Abyss:2)
  46 yaks
  A fire bat (shapeshifter) (Vaults:2)
  A neqoxec (Abyss:2)
  14 vampire mosquitoes
  5 steam dragons
  8 basilisks
  2 hogs (Swamp:2)
  Menkaure (D:6)
  14 swamp worms
  20 water moccasins
  A warg (Orc:1)
  5 acid dragons
  A soldier ant (shapeshifter) (D:15)
  22 soldier ants (Spider:1)
  A deep troll skeleton (Vaults:2)
  3 spectral hornets (Spider:4)
  4 hell hounds (Lair:6)
  2 swamp drakes
  7 ice beasts
  53 orc warriors
  2 eyes of draining
  5 sky beasts
  5 small abominations (Abyss:2)
  4 black bears
  A hornet zombie (Spider:4)
  A phantom (D:11)
  2 necrophages
  An eye of draining (shapeshifter) (Vaults:2)
  12 ogres
  6 wolves
  5 boggarts (Vaults:1)
  An elf skeleton (Vaults:2)
  12 centaurs
  A big kobold (D:12)
  2 earth elementals
  A bullfrog (shapeshifter) (Vaults:2)
  3 human skeletons (Vaults:2)
  22 bullfrogs
  A glowing shapeshifter simulacrum (Vaults:3)
  A wyvern skeleton (D:13)
  4 scorpions
  2 vampire bats (Lair:1)
  67 killer bees
  11 wights
  3 electric eels
  2 howler monkeys (D:5)
  A quasit (Abyss:2)
  2 bullfrog zombies
  5 jellies
  Crazy Yiuf (D:2)
  5 centaur skeletons
  A hound (shapeshifter) (Vaults:2)
  2 bullfrog skeletons
  21 orc priests
  9 hounds
  An iron imp (Abyss:2)
  29 orc wizards
  9 iguanas
  31 worker ants
  A killer bee zombie (D:7)
  A hound skeleton (D:7)
  2 worker ant zombies (D:11)
  8 gnolls
  13 adders
  2 river rats (Lair:2)
  A river rat (shapeshifter) (Vaults:2)
  A shadow imp (D:7)
  A white imp (Abyss:2)
  2 ufetubi (Abyss:2)
  An ooze (D:6)
  2 adder skeletons
  2 worms
  3 dart slugs
  3 leopard geckos
  99 orcs
  An orc (shapeshifter) (Vaults:2)
  15 bats
  3 giant cockroaches
  9 hobgoblins
  17 jackals
  10 kobolds
  6 quokkas
  A bat (shapeshifter) (Vaults:2)
  4 frilled lizards
  21 goblins
  A leopard gecko skeleton (D:7)
  A leopard gecko zombie (D:7)
  10 rats
  A fire vortex (Swamp:4)
  2 starspawn tentacles (Abyss:2)
1697 creatures vanquished.

Vanquished Creatures (collateral kills)
  A polar bear (Lair:6)
1 creature vanquished.

Vanquished Creatures (others)
  A swamp dragon (Swamp:4)
  A human (Swamp:2)
  3 steam dragons (Swamp:4)
  8 swamp drakes (Swamp:4)
  A scorpion (shapeshifter) (Vaults:2)
  Robin (D:2)
  4 foxfires (Swamp:4)
  35 fungi
  58 plants
112 creatures vanquished.

Grand Total: 1810 creatures vanquished

Notes
Turn   | Place    | Note
-------+----------+-------------------------------------------
     0 | D:1      | Kaver the Gargoyle Earth Elementalist began the quest for
                  | the Orb.
     0 | D:1      | Reached XP level 1. HP: 10/10 MP: 3/3
   319 | D:1      | Reached skill level 4 in Earth Magic
   319 | D:1      | Reached XP level 2. HP: 15/15 MP: 5/5
   949 | D:1      | Reached XP level 3. HP: 16/19 MP: 6/6
   953 | D:1      | Learned a level 3 spell: Stone Arrow
  1021 | D:1      | You fall into a shaft and drop 1 floor!
  1023 | D:2      | Found a faded altar of an unknown god.
  1023 | D:2      | Noticed Robin
  1741 | D:2      | Found a shimmering altar of Xom.
  1762 | D:2      | Reached skill level 1 in Conjurations
  1765 | D:2      | Reached XP level 4. HP: 20/24 MP: 4/8
  1828 | D:2      | Found a runed translucent door.
  1829 | D:2      | Noticed Crazy Yiuf
  1835 | D:2      | Killed Crazy Yiuf
  2019 | D:2      | Killed Robin
  2020 | D:2      | Reached skill level 5 in Earth Magic
  2285 | D:2      | Reached XP level 5. HP: 27/28 MP: 9/9
  2542 | D:3      | Learned a level 5 spell: Lee's Rapid Deconstruction
  2704 | D:3      | Found a white marble altar of Elyvilon.
  2829 | D:3      | Found a broken altar of Ashenzari.
  2830 | D:3      | Found a sparkling altar of Nemelex Xobeh.
  2847 | D:3      | Found an ancient bone altar of Kikubaaqudgha.
  2848 | D:3      | Found a shadowy altar of Dithmenos.
  2848 | D:3      | Found an opulent altar of Gozag.
  2849 | D:3      | Found an iron altar of Okawaru.
  3624 | D:3      | Reached XP level 6. HP: 32/32 MP: 11/11
  3872 | D:4      | Reached skill level 6 in Earth Magic
  3890 | D:4      | Reached XP level 7. HP: 16/36 MP: 0/13
  4305 | D:4      | Found a burning altar of Makhleb.
  4306 | D:4      | Noticed a blizzard demon
  4317 | D:4      | Noticed a neqoxec
  4317 | D:4      | Noticed a hellwing
  4614 | D:5      | Entered Level 5 of the Dungeon
  4696 | D:5      | Reached skill level 1 in Armour
  4758 | D:5      | Reached skill level 1 in Fighting
  4758 | D:5      | Reached skill level 1 in Maces & Flails
  5063 | D:5      | Got a pair of distressingly furry boots
  5073 | D:5      | Identified the cursed +0 pair of boots of Hupomuer {rElec
                  | rF+ Int+10 Slay-4} (You found it on level 5 of the Dungeon)
  5307 | D:6      | Found a staircase to the Ecumenical Temple.
  5328 | D:6      | Reached XP level 8. HP: 35/43 MP: 15/15
  5390 | Temple   | Entered the Ecumenical Temple
  5400 | Temple   | Became a worshipper of Vehumet
  5451 | D:6      | Noticed Eustachio
  5461 | D:6      | Killed Eustachio
  5642 | D:6      | Reached skill level 7 in Earth Magic
  5703 | D:6      | Reached skill level 5 in Spellcasting
  5973 | D:6      | Reached skill level 5 in Conjurations
  6352 | D:6      | Noticed Menkaure
  6354 | D:6      | Killed Menkaure
  6355 | D:6      | Reached XP level 9. HP: 51/51 MP: 5/17
  6473 | D:6      | Reached * piety under Vehumet
  6473 | D:6      | Offered knowledge of Shock by Vehumet.
  7350 | D:7      | Found a blossoming altar of Fedhas.
  7379 | D:7      | Reached skill level 8 in Earth Magic
  7900 | D:7      | Reached ** piety under Vehumet
  7900 | D:7      | Offered knowledge of Freeze by Vehumet.
  8122 | D:7      | Found a shimmering altar of Xom.
  8383 | D:7      | Found a shimmering blue altar of Sif Muna.
  8464 | D:8      | Got a heavy robe
  8474 | D:8      | Identified the cursed +0 robe of Etuladaf {rElec Int+7}
                  | (You found it on level 8 of the Dungeon)
  8502 | D:8      | Reached XP level 10. HP: 58/58 MP: 13/19
  8936 | D:8      | Reached skill level 5 in Armour
  9173 | D:8      | Offered knowledge of Dazzling Flash by Vehumet.
  9174 | D:8      | Reached skill level 5 in Fighting
  9440 | D:8      | Found a staircase to the Lair.
 10045 | D:9      | Reached *** piety under Vehumet
 10164 | D:9      | Found a glowing golden altar of the Shining One.
 10559 | D:9      | Noticed Erolcha
 10562 | D:9      | Cast into level 2 of the Abyss (Erolcha)
 10569 | Abyss:2  | Found a corrupted altar of Lugonu.
 10575 | D:9      | Escaped the Abyss
 10579 | D:9      | Killed Erolcha
 10580 | D:9      | Reached skill level 5 in Maces & Flails
 10580 | D:9      | Reached skill level 9 in Earth Magic
 10718 | D:9      | Found a staircase to the Orcish Mines.
 10840 | D:9      | Found Siwoicok's Weapon Emporium.
 11101 | D:10     | Entered Level 10 of the Dungeon
 11154 | D:10     | Noticed a gargoyle
 11155 | D:10     | Killed a gargoyle
 11156 | D:10     | Reached XP level 11. HP: 64/64 MP: 16/21
 11273 | D:10     | Found a runed translucent door.
 11273 | D:10     | Noticed a glowing orange brain
 11273 | D:10     | Noticed a frost giant
 11273 | D:10     | Noticed a stone giant
 11275 | D:10     | Noticed an orc high priest
 11275 | D:10     | Noticed an ettin
 11275 | D:10     | Noticed a frost giant
 11275 | D:10     | Noticed a frost giant
 11275 | D:10     | Noticed a fire dragon
 11335 | D:10     | Offered knowledge of Olgreb's Toxic Radiance by Vehumet.
 11341 | D:10     | Reached skill level 5 in Dodging
 11735 | D:10     | Reached skill level 1 in Evocations
 11966 | D:10     | Found Ifum's Armour Emporium.
 12212 | D:11     | Reached **** piety under Vehumet
 12372 | D:11     | Found a flagged portal.
 12393 | Bailey   | Entered a bailey
 12431 | Bailey   | Offered knowledge of Static Discharge by Vehumet.
 12879 | Bailey   | Noticed an orc knight
 12880 | Bailey   | Noticed an orc knight
 12880 | Bailey   | Noticed an orc knight
 12885 | Bailey   | Killed an orc knight
 13032 | Bailey   | Killed an orc knight
 13260 | Bailey   | Killed an orc knight
 13415 | Bailey   | Got a polished tower shield
 13687 | D:11     | Noticed a cyclops
 13689 | D:11     | Killed a cyclops
 13746 | D:11     | Found a transporter.
 13749 | D:11     | Noticed a two-headed ogre
 13751 | D:11     | Noticed Zing's ghost (journeyman GrEE)
 13752 | D:11     | Found a bloodstained altar of Trog.
 13752 | D:11     | Noticed a two-headed ogre
 13754 | D:11     | Noticed a moth of wrath
 13778 | D:11     | Noticed a two-headed ogre
 13816 | D:11     | Found a transporter.
 13825 | D:11     | Identified the +7 rapier "Imp's Foe" {flame, Will++ Str-3}
 13825 | D:11     | Noticed a tengu warrior
 13951 | D:11     | Reached skill level 10 in Earth Magic
 13970 | D:11     | Noticed a two-headed ogre
 14177 | D:11     | Killed a two-headed ogre
 14468 | D:12     | Noticed a five-headed hydra
 14639 | D:12     | Killed a five-headed hydra
 14640 | D:12     | Reached XP level 12. HP: 72/72 MP: 17/23
 15556 | D:12     | Found Hunyeqer's Antique Armour Emporium.
 15564 | D:12     | Bought a spiked hat for 315 gold pieces
 15574 | D:12     | Identified the +0 hat "Tuontoergh" {Harm Int+3} (You bought
                  | it in a shop on level 12 of the Dungeon)
 16112 | D:12     | Reached ***** piety under Vehumet
 16130 | D:13     | Noticed a two-headed ogre
 16132 | D:13     | Offered knowledge of Iskenderun's Mystic Blast by Vehumet.
 16140 | D:12     | Killed a two-headed ogre
 16918 | D:13     | Noticed a centaur warrior
 16926 | D:13     | Killed a centaur warrior
 16927 | D:13     | Reached skill level 11 in Earth Magic
 17355 | D:13     | Reached XP level 13. HP: 78/78 MP: 19/25
 17935 | D:13     | Noticed a vault guard
 17950 | D:13     | Killed a vault guard
 18174 | D:13     | Reached skill level 5 in Evocations
 18534 | D:13     | Identified a scroll of acquirement
 18534 | D:13     | Acquired a book of the Tempests
 18670 | D:13     | Found a gate to the Vaults.
 20211 | Lair:1   | Entered Level 1 of the Lair of Beasts
 20234 | Lair:1   | Offered knowledge of Iron Shot by Vehumet.
 20246 | Lair:1   | Learned a level 6 spell: Iron Shot
 20386 | Lair:1   | Reached skill level 10 in Conjurations
 21920 | Lair:2   | Gained mutation: Your large and strong wings let you fly
                  | indefinitely. [Gargoyle growth]
 21920 | Lair:2   | Reached XP level 14. HP: 47/86 MP: 6/27
 22127 | Lair:2   | Noticed Gastronok
 22133 | Lair:2   | Killed Gastronok
 22134 | Lair:2   | Reached skill level 12 in Earth Magic
 22136 | Lair:2   | Found a staircase to the Swamp.
 22696 | Lair:2   | Noticed Sonja
 22698 | Lair:2   | Killed Sonja
 23419 | Lair:3   | Offered knowledge of Spellforged Servitor by Vehumet.
 23775 | Lair:3   | Found a hole to the Spider Nest.
 24691 | Lair:4   | Acquired 1194 gold pieces
 24702 | Lair:4   | Learned a level 8 spell: Ignition
 24913 | Lair:4   | Reached skill level 1 in Fire Magic
 25983 | Lair:5   | Got a wavering marble ring
 25984 | Lair:5   | Identified the ring "Yskuyrri" {Int+2 SInv} (You found it
                  | on level 5 of the Lair of Beasts)
 26152 | Lair:5   | Reached skill level 5 in Fire Magic
 27090 | Lair:6   | Entered Level 6 of the Lair of Beasts
 27542 | Lair:6   | Offered knowledge of Yara's Violent Unravelling by Vehumet.
 27547 | Lair:6   | Reached XP level 15. HP: 37/92 MP: 5/28
 27557 | Lair:6   | Found a viscous altar of Jiyva.
 27557 | Lair:6   | Found a staircase to the Slime Pits.
 28077 | Lair:6   | Got an iridescent quarterstaff
 28079 | Lair:6   | Gained mutation: Your body sometimes deteriorates upon
                  | taking damage. [potion of mutation]
 28079 | Lair:6   | Gained mutation: Your body often deteriorates upon taking
                  | damage. [potion of mutation]
 28079 | Lair:6   | Gained mutation: You are partially covered in molten
                  | scales. (AC +2) [potion of mutation]
 28079 | Lair:6   | Gained mutation: You possess an exceptional clarity of
                  | mind. [potion of mutation]
 28082 | Lair:6   | Identified the +1 quarterstaff of Saltpetre {vorpal,
                  | *Contam rF+ rN+ Str+2} (You found it on level 6 of the Lair
                  | of Beasts)
 28743 | Lair:6   | Found a transporter.
 28751 | Lair:6   | Reached skill level 10 in Fire Magic
 29350 | Lair:6   | Found a transporter.
 29355 | Lair:6   | Noticed CurlyBrace's ghost (novice FeDe)
 30510 | Lair:6   | Offered knowledge of Irradiate by Vehumet.
 30632 | Lair:6   | Found a burning altar of Makhleb.
 30640 | Lair:6   | Found a gateway to Hell.
 30920 | Orc:1    | Entered Level 1 of the Orcish Mines
 30929 | D:9      | Learned a level 5 spell: Irradiate
 31043 | D:15     | Entered Level 15 of the Dungeon
 31514 | D:15     | Found a staircase to the Depths.
 32146 | D:15     | Noticed Jorgrun
 32254 | D:15     | Killed Jorgrun
 32255 | D:15     | Reached XP level 16. HP: 87/97 MP: 11/29
 32397 | D:15     | Identified the +6 quarterstaff "Rigreg" {antimagic, rElec
                  | Dex+6} (You found it on level 15 of the Dungeon)
 32964 | Orc:1    | Found Inoquda's Armour Emporium.
 33384 | Orc:2    | Entered Level 2 of the Orcish Mines
 33700 | Orc:2    | Found Otabaex's General Store.
 33714 | Orc:2    | Offered knowledge of Starburst by Vehumet.
 33730 | Orc:2    | Bought a potion of magic for 112 gold pieces
 33806 | Orc:2    | Found Xearghy's Armour Boutique.
 33806 | Orc:2    | Found Buwoxios's Weapon Shoppe.
 33861 | Orc:2    | Found Jimiuh's Jewellery Boutique.
 33861 | Orc:2    | Found Dihaydgh's Antique Armour Shoppe.
 34374 | Orc:2    | Found a staircase to the Elven Halls.
 34879 | Spider:1 | Entered Level 1 of the Spider Nest
 35006 | Spider:1 | Reached skill level 15 in Fire Magic
 35097 | Spider:1 | Reached skill level 10 in Fighting
 35395 | Spider:1 | Reached ****** piety under Vehumet
 35402 | Spider:1 | Noticed Rupert
 35409 | Spider:1 | Paralysed by Rupert for 5 turns
 35414 | Spider:1 | Killed Rupert
 35692 | Spider:1 | Offered knowledge of Lehudib's Crystal Spear by Vehumet.
 37379 | Spider:3 | Reached skill level 13 in Earth Magic
 37380 | Spider:3 | Reached skill level 10 in Spellcasting
 37670 | Spider:3 | Reached XP level 17. HP: 103/103 MP: 31/31
 38506 | Spider:4 | Entered Level 4 of the Spider Nest
 38914 | Spider:4 | Offered knowledge of Fire Storm by Vehumet.
 38914 | Spider:4 | Offered knowledge of Chain Lightning by Vehumet.
 38914 | Spider:4 | Offered knowledge of Absolute Zero by Vehumet.
 39818 | Spider:4 | Reached skill level 10 in Maces & Flails
 39848 | Spider:4 | Reached skill level 14 in Earth Magic
 40797 | Spider:4 | Got a gossamer rune of Zot
 41077 | Swamp:1  | Entered Level 1 of the Swamp
 41163 | Swamp:1  | Reached XP level 18. HP: 110/110 MP: 9/32
 42881 | Swamp:2  | Noticed Kirke
 43070 | Swamp:1  | Killed Kirke
 43278 | Swamp:2  | Noticed Donald
 43327 | Swamp:2  | Killed Donald
 43504 | Swamp:2  | Found a transporter.
 43530 | Swamp:2  | Found a transporter.
 43640 | Swamp:2  | Identified the +1 helmet "Laelun" {Regen+ Int+4 Dex+5} (You
                  | found it on level 2 of the Swamp)
 44204 | Swamp:3  | Reached skill level 15 in Earth Magic
 45901 | Swamp:3  | Reached XP level 19. HP: 116/116 MP: 27/34
 46228 | Swamp:4  | Entered Level 4 of the Swamp
 47558 | Swamp:4  | Got a decaying rune of Zot
 48586 | Vaults:1 | Entered Level 1 of the Vaults
 48731 | Vaults:1 | Reached skill level 16 in Earth Magic
 48790 | D:13     | Learned a level 9 spell: Shatter
 48913 | Vaults:1 | Noticed Aizul
 48943 | Vaults:1 | Killed Aizul
 49241 | Vaults:1 | Reached skill level 10 in Dodging
 50483 | Vaults:2 | Reached XP level 20. HP: 105/123 MP: 35/35
 50634 | Vaults:2 | Found Deuze's Assorted Antiques.
 50640 | Vaults:2 | Bought a scroll of blinking for 210 gold pieces
 50640 | Vaults:2 | Bought a scroll of identify for 56 gold pieces
 51033 | Vaults:2 | Noticed Xtahua
 51034 | Vaults:2 | Paralysed by Xtahua for 5 turns
 51041 | Vaults:2 | Killed Xtahua
 51552 | Vaults:2 | Reached skill level 17 in Earth Magic
 51686 | Vaults:2 | Found a staircase to the Crypt.
 51851 | Vaults:2 | Found a runed translucent gate.
 51852 | Vaults:2 | Found a runed translucent gate.
 51852 | Vaults:2 | Found a runed translucent gate.
 51860 | Vaults:2 | Reached skill level 10 in Evocations
 51891 | Vaults:2 | Found a runed translucent gate.
 51891 | Vaults:2 | Found a runed translucent gate.
 51894 | Vaults:2 | Found a runed translucent gate.
 51905 | Vaults:2 | Noticed Qeott's ghost (adept GnCj)
 51940 | Vaults:2 | Killed Qeott's ghost
 52104 | Vaults:2 | Got a masterwork hat
 52267 | Vaults:2 | Identified the +0 hat "Ytwue" {rElec} (You found it on
                  | level 2 of the Vaults)
 53271 | Vaults:3 | Reached XP level 21. HP: 127/129 MP: 37/37
 53292 | Vaults:3 | Paralysed by a great orb of eyes for 5 turns
 54167 | Vaults:3 | Reached skill level 18 in Earth Magic
 55726 | Elf:1    | Entered Level 1 of the Elven Halls
 56890 | Elf:1    | Identified the Incunabulum of Creative Confrontation
 57142 | Elf:2    | Cast into level 2 of the Abyss (a deep elf demonologist)
 57280 | Abyss:2  | Gained mutation: You are weak. (Str -2) [a cacodemon]
 57874 | Abyss:2  | Reached XP level 22. HP: 101/136 MP: 15/38
 57876 | Elf:2    | Escaped the Abyss
 58264 | Elf:2    | Found a huge runed translucent gate.
 58264 | Elf:2    | Found a huge runed translucent gate.
 58264 | Elf:2    | Found a huge runed translucent gate.
 58264 | Elf:2    | Found a huge runed translucent gate.
 58268 | Elf:2    | Found a huge runed translucent gate.
 58330 | Elf:3    | Entered Level 3 of the Elven Halls
 58562 | Elf:3    | Found Iheomubu's Weapon Shoppe.
 59192 | Elf:3    | Reached skill level 19 in Earth Magic
 59209 | Elf:3    | Cast into level 2 of the Abyss (a deep elf demonologist)
 59543 | Elf:3    | Escaped the Abyss
 59561 | Elf:3    | Identified the Volume of the Catfish
 59651 | Elf:3    | Identified the +5 scale mail of the Pink Corner {Rampage
                  | +Inv}
 59651 | Elf:3    | Identified the ring "Taehygin" {Dex+3 Slay+2 Stlth-}
 59666 | Elf:3    | HP: 6/134 [something (21)]
 59666 | Elf:3    | HP: 2/134 [something (4)]
 59667 | Elf:3    | Shot with an arrow by something

Illustrated notes

Levels and vault maps discovered:
D:1:      co_arrival_random_square_maze, layout_loops_corners
D:2:      layout_rooms, chequers_ecumenical_altar_simple,
          grunt_decor_one_mirror, lemuel_statue_altar, uniq_crazy_yiuf_cottage,
          uniq_robin
D:3:      layout_loops_ring, lemuel_crystal_altar, grunt_temple_overflow_open
D:4:      layout_cave_pools, makhleb_altar_promises_db
D:5:      layout_rooms
D:6:      layout_basic, minmay_temple_entry_junction_2, uniq_eustachio,
          uniq_menkaure
D:7:      layout_loops_ring, fedhas_altar_2, led_sif_pool,
          overflow_temple_1_default
D:8:      layout_basic, lair_entry_dummy, serial_glass, glass_columns_a,
          glass_columns_a, serial_bayou_pond_d, chequers_mini_garden
D:9:      layout_long_grid, overflow_temple_1_default, orc_david_3, uniq_erolcha
D:10:     minmay_gate_of_8, layout_loops_ring, serial_shops, shop
D:11:     layout_loops_cross, enter_bailey_5, gammafunk_ghost_wrathful_warriors
D:12:     layout_small_grid, serial_shops, nicolae_shop_behind_doors
D:13:     layout_long_grid, grunt_vaults_entry_tiered, hangedman_decor_lopped
D:14:     layout_loops_ring, minmay_misc_feat_rows, kennysheep_small_circle
D:15:     gammafunk_enter_depths_forms, layout_small_grid,
          grunt_decor_resistance, uniq_jorgrun
Temple:   eino_temple_lava
Lair:1:   layout_small_grid, serial_bayou_pond_e,
          chequers_serial_rivers_large_a, roderic_batcave, lemuel_fruit_fields,
          infiniplex_staircase_pool
Lair:2:   regret_index_bee_streams, layout_cave_shapes,
          minmay_swamp_entry_reptiles, st_stairs_10, uniq_sonja, uniq_gastronok
Lair:3:   layout_cave_pods, dummy_spider_entry, chequers_serial_rivers_small_b,
          worms_lemuel, serial_bayou_shore_b, lemuel_fruit_fields
Lair:4:   layout_layer_cave, special_room [special_room_bee],
          serial_bayou_shore_b
Lair:5:   layout_hall_layers
Lair:6:   evil_forest, layout_regular_city, slime_altar_1, nzn_ghost_randoct,
          cheibrodos_lair_lostbears, lemuel_fruit_tree
Swamp:1:  layout_basic_swamp, evilmike_swamp_ruin_wall, swamp_pool1
Swamp:2:  gammafunk_sealed_arena, layout_basic_swamp,
          evilmike_swamp_ruin_house_3, uniq_donald, uniq_kirke
Swamp:3:  nzn_winding_woodlands_medium [nzn_winding_woodlands_5x5_closed_star,
          nzn_winding_woodlands_5x15_crooked, nzn_winding_woodlands_5x5_default,
          nzn_winding_woodlands_5x5_perimeter,
          nzn_winding_woodlands_center_triple_pond,
          nzn_winding_woodlands_5x5_checkerboard,
          nzn_winding_woodlands_hourglass, nzn_winding_woodlands_5x15_longhouse,
          nzn_winding_woodlands_5x5_open_star], layout_basic_swamp,
          evilmike_swamp_ruin_house_1, swamp_pool4
Swamp:4:  swamp_fiery, layout_basic_swamp, swamp_pool2
Spider:1: layout_spider_delve, minivault_29, uniq_rupert
Spider:2: layout_spider_delve, nicolae_spider_cling_halls
Spider:3: layout_spider_delve
Spider:4: floodkiller_spider_rune_tomb
Orc:1:    layout_diamond_mine, serial_shops, nicolae_shop_trees
Orc:2:    grunt_orc_tribal_feast, layout_caves, serial_shops, shop
Elf:1:    eino_elf_arrival_the_gate, layout_gridlike, minmay_elf_sorcery,
          nrook_loot_triangle, serial_sigils_hangedman_clutch
Elf:2:    layout_geoelf_grid
Elf:3:    elf_hall_gauntlet_narrow, layout_geoelf_diagonals, serial_shops, shop
Vaults:1: hangedman_vaults_maws, v_pattern_4, hangedman_vaults_restitches,
          v_misc_32, hangedman_vaults_stream, nicolae_vaults_bisected_exclaves,
          vaults_room_pool, special_room_vaults [special_room_orc],
          nicolae_vaults_little_squares_4, nicolae_vaults_shelves_hall,
          vaults_room_pool, layout_vaults_maze_snakey, uniq_aizul
Vaults:2: ploomutoo_gammafunk_vaults_ghost_potion_laboratory,
          hangedman_vaults_variations, hangedman_vaults_stitches,
          nicolae_vaults_lopsided_apartments,
          minmay_crypt_entry_skeletal_spiral, vaults_mumra_chevron,
          vaults_room_large_hall, nicolae_vaults_little_squares_6, v_misc_11,
          ontoclasm_vaults_misaligned, nicolae_vaults_little_ls,
          grunt_vaults_funnel, nicolae_vaults_border_crossing,
          vaults_room_corners, layout_vaults_omnicross, serial_shops, shop,
          uniq_xtahua
Vaults:3: v_rooms_5, v_pattern_3, v_alt_pattern_5, vaults_room_pool, v_misc_24,
          v_misc_22, vaults_room_grunt_arrival_ludios,
          nicolae_vaults_mini_display_case, layout_vaults_omnigrid

Skill      XL: |  1  2  3  4  5  6  7  8  9 10 11 12 13 14 15 16 17 18 19 20 21 22 |
---------------+-------------------------------------------------------------------+-----
Earth Magic    | 4 5 6 7 8 9 10 11 12 13 14 15 16 17 18 19 | 19.4
Conjurations   | 1 2 3 4 5 6 7 8 9 10 11 12 13 14 | 14.8
Spellcasting   | 3 4 5 6 7 8 9 10 11 12 13 | 13.0
Armour         | 1 3 4 6 |  6.0
Fighting       | 1 3 4 5 7 8 9 10 11 12 13 14 | 14.2
Maces & Flails | 1 2 4 5 6 7 8 9 10 11 12 13 | 13.2
Dodging        | 2 3 4 5 6 7 8 9 10 11 | 11.6
Evocations     | 3 4 6 7 8 9 10 | 10.0
Fire Magic     | 7 13 15 16 17 | 17.4
Stealth        | |  2.1
Transmutations | |  0.7

Action                   |  1- 3 |  4- 6 |  7- 9 | 10-12 | 13-15 | 16-18 | 19-21 | 22-24 || total
-------------------------+-------+-------+-------+-------+-------+-------+-------+-------++-------
Melee: Dagger            |   121 |   151 |   404 |   675 |   732 |       |       |       ||  2083
       Unarmed           |     4 |       |       |       |       |     3 |       |       ||     7
       Dire flail        |       |       |       |       |    89 |       |       |       ||    89
       Triple sword      |       |       |       |       |     2 |       |       |       ||     2
       Quarterstaff      |       |       |       |       |   154 |   293 |   473 |    42 ||   962
       Katana            |       |       |       |       |       |       |       |     6 ||     6
 Cast: Sandblast         |    16 |    31 |    32 |    91 |    80 |    34 |     5 |       ||   289
       Stone Arrow       |       |     1 |     1 |    48 |    10 |     2 |     2 |       ||    64
       Lee's Rapid Decon |       |       |    16 |    69 |   113 |    25 |    41 |     2 ||   266
       Iron Shot         |       |       |       |       |   135 |   193 |   194 |    50 ||   572
       Ignition          |       |       |       |       |     2 |    83 |   102 |    13 ||   200
       Shatter           |       |       |       |       |       |       |     1 |     5 ||     6
 Abil: Fly               |       |       |       |       |     2 |       |       |       ||     2
       Stop Flying       |       |       |       |       |     1 |       |       |       ||     1
Evoke: Wand              |       |       |       |     6 |    24 |    13 |     1 |       ||    44
       Condenser vane    |       |       |       |       |       |     2 |       |       ||     2
       Phantom mirror    |       |       |       |       |       |     1 |       |       ||     1
  Use: Scroll            |       |    13 |     8 |    11 |    16 |    14 |     4 |     2 ||    68
       Potion            |       |     2 |       |     1 |    12 |     3 |     4 |     8 ||    30
 Stab: Sleeping          |     7 |     1 |     6 |     6 |     2 |     1 |     1 |       ||    24
       Distracted        |       |       |       |       |       |     1 |       |     1 ||     2
Armor: Robe              |    47 |    73 |   186 |   391 |   479 |   367 |   265 |    21 ||  1829
Dodge: Dodged            |   114 |   129 |   269 |   640 |   935 |   581 |   517 |    48 ||  3233

Table legend: (Time is in decaauts)
 A = Elapsed time spent in this place.
 B = Non-inter-level travel time spent in this place.
 C = Inter-level travel time spent in this place.
 D = Time resting spent in this place.
 E = Time spent auto-exploring this place.
 F = Levels seen in this place.
 G = Mean time per level.
                   A        B        C        D        E       F      G
               +--------+--------+--------+--------+--------+-----+--------+
         Total |  59658 |  56129 |   3529 |  17994 |  27301 |  42 | 1420.4 |
       Dungeon |  21663 |  20146 |   1517 |   4767 |  10913 |  15 | 1444.2 |
        Temple |     18 |     10 |      8 |      0 |      0 |   1 |   18.0 |
          Lair |  11283 |  10541 |    742 |   2918 |   5856 |   6 | 1880.5 |
         Swamp |   7041 |   6852 |    189 |   4078 |   1838 |   4 | 1760.2 |
   Spider Nest |   6024 |   5629 |    395 |   2624 |   2162 |   4 | 1506.0 |
  Orcish Mines |   1853 |   1692 |    161 |    477 |    918 |   2 |  926.5 |
   Elven Halls |   2852 |   2776 |     76 |    544 |   1657 |   3 |  950.7 |
        Vaults |   6751 |   6313 |    438 |   1658 |   3273 |   3 | 2250.3 |
         Abyss |   1065 |   1065 |      0 |    495 |    282 |   3 |  355.0 |
        Bailey |   1104 |   1104 |      0 |    432 |    402 |   1 | 1104.0 |
               +--------+--------+--------+--------+--------+-----+--------+

Top non-repeatable levels by time:
  Lair:6: 2940 daAuts
Vaults:2: 2820 daAuts
 Swamp:3: 2563 daAuts
Vaults:3: 2255 daAuts
Spider:4: 2232 daAuts
  Lair:2: 2163 daAuts
    D:13: 2150 daAuts
    D:12: 2147 daAuts
  Lair:5: 1891 daAuts
Spider:1: 1873 daAuts
 Swamp:1: 1867 daAuts
    D:11: 1783 daAuts
     D:8: 1722 daAuts
     D:1: 1704 daAuts
Vaults:1: 1674 daAuts
